TOP OF THE 1ST |
Atlantic City War Dogs batting - Pitching for Punta Cana Hutias : RHP Seth Cuevas
|
Pitching: RHP Seth Cuevas
|
|
Batting: RHB Roberto Díaz
|
0-0: Ball 1-0: Called Strike 1-1: Bunt for hit - play at first, batter safe!
|
Batting: RHB Richard Bass
|
0-0: Ball Wild Pitch! Roberto Díaz to second 1-0: SINGLE (Groundball, 6MD) Roberto Díaz to third Runner from 3rd tries for Home, SAFE, no throw
|
Batting: RHB Jonathan Boyer
|
0-0: Foul Ball, location: 2F 0-1: Ball 1-1: Ball 2-1: Ball 3-1: Fly out, F8 (Flyball, 8RD)
|
Batting: RHB Juan Sepúlveda
|
0-0: Called Strike 0-1: Swinging Strike 0-2: Strikes out looking
|
Batting: RHB David Gallardo
|
0-0: Ball Richard Bass steals 2nd base 1-0: Called Strike 1-1: Foul Ball, location: 2F 1-2: Hit by Pitch
|
Batting: SHB Brian Estes
|
0-0: Foul Ball, location: 2F 0-1: Ball 1-1: Ball 2-1: Swinging Strike 2-2: Ball 3-2: Strikes out swinging
|
Top of the 1st over - 1 run, 2 hits, 0 errors, 2 left on base; Atlantic City 1 - Punta Cana 0 |
BOTTOM OF THE 1ST |
Punta Cana Hutias batting - Pitching for Atlantic City War Dogs : LHP Norberto Villaneda
|
Pitching: LHP Norberto Villaneda
|
|
Batting: RHB Miguel Gutiérrez
|
0-0: Fly out, F3 (Line Drive, 3S)
|
Batting: RHB Bill Valdéz
|
0-0: Called Strike 0-1: Fly out, F8 (Flyball, 8LD)
|
Batting: LHB Norberto Garza
|
0-0: Ball 1-0: Ball 2-0: Ball 3-0: Called Strike 3-1: Foul Ball, location: 2F 3-2: Strikes out swinging
|
Bottom of the 1st over - 0 runs, 0 hits, 0 errors, 0 left on base; Atlantic City 1 - Punta Cana 0 |
TOP OF THE 2ND |
Atlantic City War Dogs batting - Pitching for Punta Cana Hutias : RHP Seth Cuevas
|
Batting: LHB Chris Smith
|
0-0: Ball 1-0: Called Strike 1-1: Ball 2-1: Ball 3-1: SINGLE (Line Drive, 8LS)
|
Batting: LHB Jorge Trujillo
|
0-0: Ball Throwing error on steal attempt, E2 Chris Smith to third 1-0: Fly out, F4 (Line Drive, 4)
|
Batting: RHB Ramón Romero
|
0-0: Called Strike 0-1: Fly out, F9 (Flyball, 9LS) Runner from 3rd tags up, SCORES, no throw
|
Batting: RHB Roberto Díaz
|
0-0: Called Strike 0-1: Foul Ball, location: 2F 0-2: Foul Ball, location: 2F 0-2: Ball 1-2: Foul Ball, location: 2F 1-2: Strikes out looking
|
Top of the 2nd over - 1 run, 1 hit, 1 error, 0 left on base; Atlantic City 2 - Punta Cana 0 |
BOTTOM OF THE 2ND |
Punta Cana Hutias batting - Pitching for Atlantic City War Dogs : LHP Norberto Villaneda
|
Batting: RHB Thomas English
|
0-0: Called Strike 0-1: Ball 1-1: DOUBLE (Line Drive, 3D)
|
Batting: LHB Jorge Ramírez
|
0-0: Ball 1-0: Foul Ball, location: 2F 1-1: Fly out, F8 (Flyball, 8LXD) Runner from 2nd tags up, SAFE at 3rd, no throw
|
Batting: LHB Connor Moss
|
0-0: Called Strike 0-1: Foul Ball, location: 2F 0-2: Foul Ball, location: 2F 0-2: Ground out 5-3 (Groundball, 5)
|
Batting: SHB Roy Johnston
|
0-0: Ball 1-0: Ball 2-0: Called Strike 2-1: SINGLE (Groundball, 34D) Thomas English scores
|
Batting: RHB Randy Akers
|
0-0: Swinging Strike 0-1: Called Strike 0-2: Fly out, F7 (Flyball, 78M)
|
Bottom of the 2nd over - 1 run, 2 hits, 0 errors, 1 left on base; Atlantic City 2 - Punta Cana 1 |
TOP OF THE 3RD |
Atlantic City War Dogs batting - Pitching for Punta Cana Hutias : RHP Seth Cuevas
|
Batting: RHB Richard Bass
|
0-0: Ball 1-0: Swinging Strike 1-1: Foul Ball, location: 2F 1-2: Foul Ball, location: 2F 1-2: Strikes out swinging
|
Batting: RHB Jonathan Boyer
|
0-0: Foul Ball, location: 2F 0-1: Swinging Strike 0-2: Foul Ball, location: 2F 0-2: Ball 1-2: Ball 2-2: Strikes out swinging
|
Batting: RHB Juan Sepúlveda
|
0-0: Foul Ball, location: 2F 0-1: Ball 1-1: Ball 2-1: Ball 3-1: Foul Ball, location: 2F 3-2: SINGLE (Line Drive, 56)
|
Batting: RHB David Gallardo
|
0-0: Swinging Strike 0-1: Called Strike 0-2: Ball 1-2: Strikes out swinging
|
Top of the 3rd over - 0 runs, 1 hit, 0 errors, 1 left on base; Atlantic City 2 - Punta Cana 1 |
BOTTOM OF THE 3RD |
Punta Cana Hutias batting - Pitching for Atlantic City War Dogs : LHP Norberto Villaneda
|
Batting: RHB Curt Pierson
|
0-0: Ball 1-0: Fly out, F5 (Flyball, 5D)
|
Batting: RHB Miguel Gutiérrez
|
0-0: Foul Ball, location: 2F 0-1: Foul Ball, location: 2F 0-2: Fly out, F9 (Line Drive, 9)
|
Batting: RHB Bill Valdéz
|
0-0: Ball 1-0: SINGLE (Groundball, 56D)
|
Batting: LHB Norberto Garza
|
0-0: Ball 1-0: Foul Ball, location: 2F 1-1: SINGLE (Line Drive, 5D) Bill Valdéz to second
|
Batting: RHB Thomas English
|
0-0: Ball 1-0: Swinging Strike 1-1: Called Strike 1-2: Strikes out swinging
|
Bottom of the 3rd over - 0 runs, 2 hits, 0 errors, 2 left on base; Atlantic City 2 - Punta Cana 1 |
TOP OF THE 4TH |
Atlantic City War Dogs batting - Pitching for Punta Cana Hutias : RHP Seth Cuevas
|
Batting: SHB Brian Estes
|
0-0: Fly out, F8 (Flyball, 8RXD)
|
Batting: LHB Chris Smith
|
0-0: Foul Ball, location: 2F 0-1: Fly out, F7 (Line Drive, 78M)
|
Batting: LHB Jorge Trujillo
|
0-0: Ball 1-0: Ball 2-0: Foul Ball, location: 2F 2-1: Ball 3-1: Base on Balls
|
Batting: RHB Ramón Romero
|
0-0: Ball 1-0: Ball 2-0: Foul Ball, location: 2F 2-1: Foul Ball, location: 2F 2-2: Foul Ball, location: 2F 2-2: Strikes out swinging
|
Top of the 4th over - 0 runs, 0 hits, 0 errors, 1 left on base; Atlantic City 2 - Punta Cana 1 |
BOTTOM OF THE 4TH |
Punta Cana Hutias batting - Pitching for Atlantic City War Dogs : LHP Norberto Villaneda
|
Batting: LHB Jorge Ramírez
|
0-0: Called Strike 0-1: Ball 1-1: Swinging Strike 1-2: SINGLE (Groundball, 4S) (infield hit)
|
Batting: LHB Connor Moss
|
0-0: Ball 1-0: Swinging Strike 1-1: Ball 2-1: Ball 3-1: Foul Ball, location: 2F 3-2: Fielders Choice at 2nd, 6-4 (Groundball, 6)
|
Batting: SHB Roy Johnston
|
0-0: Ball 1-0: Ball 2-0: Fielders Choice at 2nd, 3-6 (Groundball, 3)
|
Batting: RHB Randy Akers
|
0-0: SINGLE (Groundball, 56D) Roy Johnston to second
|
Batting: RHB Curt Pierson
|
0-0: Foul Ball, location: 2F 0-1: Foul Ball, location: 2F 0-2: Strikes out looking
|
Bottom of the 4th over - 0 runs, 2 hits, 0 errors, 2 left on base; Atlantic City 2 - Punta Cana 1 |
TOP OF THE 5TH |
Atlantic City War Dogs batting - Pitching for Punta Cana Hutias : RHP Seth Cuevas
|
Batting: RHB Roberto Díaz
|
0-0: Foul Ball, location: 2F 0-1: Bunt missed! 0-2: Ground out 6-3 (Groundball, 6)
|
Batting: RHB Richard Bass
|
0-0: Foul Ball, location: 2F 0-1: Foul Ball, location: 2F 0-2: Ball 1-2: Strikes out swinging
|
Batting: RHB Jonathan Boyer
|
0-0: Ball 1-0: Foul Ball, location: 2F 1-1: Foul Ball, location: 2F 1-2: Foul Ball, location: 2F 1-2: Ball 2-2: SOLO HOME RUN (Flyball, 78XD), Distance : 434 ft
|
Batting: RHB Juan Sepúlveda
|
0-0: Swinging Strike 0-1: Ball 1-1: Called Strike 1-2: Strikes out swinging
|
Top of the 5th over - 1 run, 1 hit, 0 errors, 0 left on base; Atlantic City 3 - Punta Cana 1 |
BOTTOM OF THE 5TH |
Punta Cana Hutias batting - Pitching for Atlantic City War Dogs : LHP Norberto Villaneda
|
Batting: RHB Miguel Gutiérrez
|
0-0: Fly out, F7 (Flyball, 78M)
|
Batting: RHB Bill Valdéz
|
0-0: Ball 1-0: Foul Ball, location: 2F 1-1: Ball 2-1: Fly out, F8 (Flyball, 8LS)
|
Batting: LHB Norberto Garza
|
0-0: Ball 1-0: Ball 2-0: Ball 3-0: Called Strike 3-1: Swinging Strike 3-2: SINGLE (Line Drive, 8LS)
|
Batting: RHB Thomas English
|
0-0: Ball 1-0: Ball 2-0: Swinging Strike 2-1: Fielders Choice at 2nd, U4 (Groundball, 4M)
|
Bottom of the 5th over - 0 runs, 1 hit, 0 errors, 1 left on base; Atlantic City 3 - Punta Cana 1 |
TOP OF THE 6TH |
Atlantic City War Dogs batting - Pitching for Punta Cana Hutias : RHP Seth Cuevas
|
Batting: RHB David Gallardo
|
0-0: Ball 1-0: Called Strike 1-1: Swinging Strike 1-2: Strikes out swinging
|
Batting: SHB Brian Estes
|
0-0: Called Strike 0-1: Fly out, F7 (Flyball, 7S)
|
Batting: LHB Chris Smith
|
0-0: Ball 1-0: Ball 2-0: Foul Ball, location: 2F 2-1: Ground out 5-3 (Groundball, 56)
|
Top of the 6th over - 0 runs, 0 hits, 0 errors, 0 left on base; Atlantic City 3 - Punta Cana 1 |
BOTTOM OF THE 6TH |
Punta Cana Hutias batting - Pitching for Atlantic City War Dogs : LHP Norberto Villaneda
|
Batting: LHB Jorge Ramírez
|
0-0: Ball 1-0: Ball 2-0: Swinging Strike 2-1: Fly out, F6 (Line Drive, 6)
|
Batting: LHB Connor Moss
|
0-0: Ball 1-0: Foul Ball, location: 2F 1-1: DOUBLE (Line Drive, 8RXD)
|
Batting: SHB Roy Johnston
|
0-0: 2-RUN HOME RUN (Flyball, 7D), Distance : 407 ft
|
Batting: RHB Randy Akers
|
0-0: Swinging Strike 0-1: SINGLE (Flyball, 9LS) - OUT at second base trying to stretch hit.
|
Batting: RHB Curt Pierson
|
0-0: Ball 1-0: Ball 2-0: Ball 3-0: Base on Balls
|
Batting: RHB Miguel Gutiérrez
|
0-0: Ball 1-0: Ground out 6-3 (Groundball, 56)
|
Bottom of the 6th over - 2 runs, 3 hits, 0 errors, 1 left on base; Atlantic City 3 - Punta Cana 3 |
TOP OF THE 7TH |
Atlantic City War Dogs batting - Pitching for Punta Cana Hutias : RHP Seth Cuevas
|
Batting: LHB Jorge Trujillo
|
0-0: Called Strike 0-1: Foul Ball, location: 2F 0-2: Ball 1-2: Foul Ball, location: 2F 1-2: Foul Ball, location: 2F 1-2: Strikes out swinging
|
Batting: RHB Ramón Romero
|
0-0: Foul Ball, location: 2F 0-1: Called Strike 0-2: Ball 1-2: Ball 2-2: Ball 3-2: Strikes out swinging
|
Pinch Hitting: RHB Wyatt Wallace
|
0-0: Ball 1-0: Ball 2-0: Ball 3-0: Called Strike 3-1: Called Strike 3-2: Foul Ball, location: 2F 3-2: Foul Ball, location: 2F 3-2: Strikes out swinging
|
Top of the 7th over - 0 runs, 0 hits, 0 errors, 0 left on base; Atlantic City 3 - Punta Cana 3 |
BOTTOM OF THE 7TH |
Punta Cana Hutias batting - Pitching for Atlantic City War Dogs : LHP Norberto Villaneda
|
Now at SS: Roberto García
|
|
Batting: RHB Bill Valdéz
|
0-0: Called Strike 0-1: Foul Ball, location: 2F 0-2: Ball 1-2: Strikes out swinging
|
Pinch Hitting: LHB Tony Ríos
|
0-0: Foul Ball, location: 2F 0-1: Ground out U3 (Groundball, 3S)
|
Batting: RHB Thomas English
|
0-0: Fly out, F8 (Flyball, 8RD)
|
Bottom of the 7th over - 0 runs, 0 hits, 0 errors, 0 left on base; Atlantic City 3 - Punta Cana 3 |
TOP OF THE 8TH |
Atlantic City War Dogs batting - Pitching for Punta Cana Hutias : RHP Seth Cuevas
|
Pitching: RHP Jeffrey Lyons
|
|
Now in RF: Tony Ríos
|
|
Pinch Hitting: LHB Tomás Mata
|
0-0: Fly out, F4 (Line Drive, 4)
|
Batting: RHB Jonathan Boyer
|
0-0: Ball 1-0: Foul Ball, location: 2F 1-1: Called Strike 1-2: Ball 2-2: Strikes out swinging
|
Batting: RHB Juan Sepúlveda
|
0-0: Foul Ball, location: 2F 0-1: Foul Ball, location: 2F 0-2: Strikes out swinging
|
Top of the 8th over - 0 runs, 0 hits, 0 errors, 0 left on base; Atlantic City 3 - Punta Cana 3 |
BOTTOM OF THE 8TH |
Punta Cana Hutias batting - Pitching for Atlantic City War Dogs : LHP Norberto Villaneda
|
Pitching: RHP Amelio Santos
|
|
Now at 3B: Tomás Mata
|
|
Batting: LHB Jorge Ramírez
|
0-0: Foul Ball, location: 2F 0-1: Ball 1-1: Fly out, F8 (Line Drive, 8RS)
|
Pitching: LHP Felipe Medrano
|
|
Pinch Hitting: RHB Juan Alaniz
|
0-0: Ball 1-0: Ball 2-0: Ball 3-0: Base on Balls
|
Pitching: RHP Bernardo Herrera
|
|
Pinch Runner at 1st Alfredo Bernard:
|
|
Batting: SHB Roy Johnston
|
0-0: Ball 1-0: Swinging Strike 1-1: Called Strike 1-2: Strikes out looking
|
Pinch Hitting: RHB Luis Chávez
|
0-0: Ball 1-0: Called Strike 1-1: Foul Ball, location: 2F 1-2: Ball 2-2: Fly out, F8 (Flyball, 8LM)
|
Bottom of the 8th over - 0 runs, 0 hits, 0 errors, 1 left on base; Atlantic City 3 - Punta Cana 3 |
TOP OF THE 9TH |
Atlantic City War Dogs batting - Pitching for Punta Cana Hutias : RHP Jeffrey Lyons
|
Pitching: RHP Andrew Shannon
|
|
Now at 1B: Alfredo Bernard
|
|
Now at 2B: Luis Chávez
|
|
Batting: RHB David Gallardo
|
0-0: Ball 1-0: SINGLE (Line Drive, 34)
|
Pinch Runner at 1st Luis Viña:
|
|
Batting: SHB Brian Estes
|
0-0: Ball 1-0: Called Strike 1-1: Swinging Strike 1-2: DOUBLE (Line Drive, 9D) Luis Viña to third
|
Batting: LHB Chris Smith
|
0-0: Ball 1-0: Foul Ball, location: 2F 1-1: Ball 2-1: Foul Ball, location: 2F 2-2: Strikes out looking
|
Batting: LHB Jorge Trujillo
|
0-0: Ball 1-0: Ball 2-0: Ball 3-0: Called Strike 3-1: Base on Balls
|
Batting: RHB Ramón Romero
|
0-0: Ball 1-0: Foul Ball, location: 2F 1-1: Foul Ball, location: 2F 1-2: Foul Ball, location: 2F 1-2: Ball 2-2: Fly out, F4 (Line Drive, 34)
|
Pinch Hitting: LHB Matt Clark
|
0-0: Ball 1-0: Swinging Strike 1-1: Ball 2-1: SINGLE (Groundball, 6D) Luis Viña scores Brian Estes to third Jorge Trujillo to second Runner from 3rd tries for Home, SAFE, no throw
|
Batting: LHB Tomás Mata
|
0-0: Called Strike 0-1: SINGLE (Groundball, 4MD) Jorge Trujillo to third Matt Clark to second Runner from 3rd tries for Home, throw and OUT!
|
Top of the 9th over - 2 runs, 4 hits, 0 errors, 2 left on base; Atlantic City 5 - Punta Cana 3 |
BOTTOM OF THE 9TH |
Punta Cana Hutias batting - Pitching for Atlantic City War Dogs : RHP Bernardo Herrera
|
Pitching: RHP Cisco Arrojo
|
|
Now at C: Ed Vega
|
|
Now at SS: Luis Viña
|
|
Batting: RHB Curt Pierson
|
0-0: Fly out, F8 (Flyball, 8RM)
|
Batting: RHB Miguel Gutiérrez
|
0-0: Ball 1-0: Ground out 5-3 (Groundball, 56S)
|
Batting: RHB Bill Valdéz
|
0-0: Ball 1-0: Foul Ball, location: 2F 1-1: Ball 2-1: Swinging Strike 2-2: Foul Ball, location: 2F 2-2: Ground out 6-3 (Groundball, 56)
|
Bottom of the 9th over - 0 runs, 0 hits, 0 errors, 0 left on base; Atlantic City 5 - Punta Cana 3 |
|